 Dungeon Crawl Stone Soup version 0.30-a0-509-gd016549fea (webtiles) character file.

Game seed: 6408757439901918985

2243 Jase the Covert (level 9, 0/48 HPs)
             Began as a Kobold Brigand on Dec 22, 2022.
             Was a Priest of Dithmenos.
             Slain by a swamp worm (7 damage)
             ... on level 8 of the Dungeon.
             The game lasted 00:16:56 (6610 turns).

Jase the Covert (Kobold Brigand)                    Turns: 6610, Time: 00:16:56

Health: 0/48       AC: 14    Str:  8    XL:     9   Next: 63%
Magic:  13/13      EV: 13    Int: 17    God:    Dithmenos [***...]
Gold:   527        SH:  0    Dex: 21    Spells: 8/8 levels left

rFire   . . .      SeeInvis .    b - +7 scimitar of Extremism {vorpal, Dex+3 Stlth+}
rCold   + . .      Faith    .    (no shield)
rNeg    . . .      Spirit   .    K - +4 scale mail of the Last Curses {rPois Dex+2}
rPois   +          Reflect  .    (no helmet)
rElec   .          Harm     .    u - +0 cloak
rCorr   .          Rampage  .    x - +2 pair of gloves
Will    .....                    (no boots)
Stlth   +++++++...               c - amulet of magic regeneration
HPRegen 0.28/turn                q - ring of protection from cold
MPRegen 0.53/turn                E - ring of wizardry

@: wreathed by umbra
A: small, no large weapons, nightstalker 3
a: Renounce Religion, Shadow Step


You were on level 8 of the Dungeon.
You worshipped Dithmenos.
Dithmenos was most pleased with you.
You visited 1 branch of the dungeon, and saw 8 of its levels.

You collected 527 gold pieces.

Inventory:

Hand Weapons
 a - a +2 dagger
 b - the +7 scimitar of Extremism (weapon) {vorpal, Dex+3 Stlth+}
   (You found it on level 3 of the Dungeon)

   It inflicts extra damage upon your enemies.
   Dex:       It affects your dexterity (+3).
   Stlth:     It makes you more stealthy.
Missiles
 d - 28 poisoned darts (quivered)
 e - 9 curare-tipped darts
 h - 2 throwing nets
 p - 61 stones
 C - 3 atropa-tipped darts
 D - 7 boomerangs
Armour
 m - a +0 robe
 u - a +0 cloak (worn)
 x - a +2 pair of gloves (worn)
 K - the +4 scale mail of the Last Curses (worn) {rPois Dex+2}
   (You found it on level 7 of the Dungeon)

   Dex:       It affects your dexterity (+2).
   rPois:     It protects you from poison.
Jewellery
 c - an amulet of magic regeneration (around neck)
 j - a ring of fire
 q - a ring of protection from cold (left hand)
 s - a ring of positive energy
 E - a ring of wizardry (right hand)
Wands
 w - a wand of flame (13)
 I - a wand of polymorph (5)
Scrolls
 g - 2 scrolls of fear
 k - 2 scrolls of amnesia {unknown}
 l - a scroll of brand weapon {unknown}
 o - a scroll of enchant weapon {unknown}
 r - 2 scrolls of enchant armour {unknown}
 y - a scroll of poison {unknown}
 z - 3 scrolls of magic mapping
 F - a scroll of immolation {unknown}
 G - a scroll of fog {unknown}
 H - 2 scrolls of teleportation
 J - a scroll of torment {unknown}
Potions
 f - a potion of brilliance
 i - 2 potions of curing
 t - a potion of resistance
 v - a potion of heal wounds
 A - a potion of flight
 B - a potion of cancellation


   Skills:
 - Level 2.1 Fighting
 + Level 8.6 Short Blades
 - Level 2.1 Throwing
 + Level 7.5 Dodging
 + Level 10.4 Stealth
 + Level 5.9 Invocations


You had 8 spell levels left.
You didn't know any spells.
Your spell library contained the following spells:

 Spells                   Type           Power      Damage    Failure   Level
 Foxfire                  Conj/Fire      0%         2x1d4     65%         1
 Sting                    Tmut/Pois      0%         1d3       65%         1
 Inner Flame              Hex/Fire       0%         N/A       94%         3
 Spider Form              Tmut/Pois      0%         N/A       94%         3
 Necromutation            Tmut/Necr      0%         N/A       100%        8


Dungeon Overview and Level Annotations

Branches:
Dungeon (8/15)             Temple (0/1) D:5
   Lair: D:8-11

Altars:
Dithmenos
Elyvilon
Okawaru

Shops:
D:1 *   D:6 *


Innate Abilities, Weirdness & Mutations

You are small and have problems with some larger weapons.
You are completely attuned to the shadows.


Message History

You feel much better.
The swamp worm bites you but does no damage.
Okay, then.
Okay, then.
Okay, then.
Unknown command.
Unknown command.
Okay, then.
You feel agile.
b - the +7 scimitar of Extremism (weapon)
{vorpal, Dex+3 Stlth+} The swamp worm bites you!
You slash the swamp worm!
The swamp worm is severely wounded.
The swamp worm bites you but does no damage.
You barely miss the swamp worm.
The swamp worm is severely wounded.
The swamp worm bites you but does no damage.
The swamp worm bites you!
* * * LOW HITPOINT WARNING * * *
You barely miss the swamp worm.
The swamp worm is severely wounded.
The swamp worm bites you.
* * * LOW HITPOINT WARNING * * *
You closely miss the swamp worm.
The swamp worm is severely wounded.
The swamp worm bites you.
* * * LOW HITPOINT WARNING * * *
The swamp worm barely misses you.
You barely miss the swamp worm.
The swamp worm is severely wounded.
The swamp worm barely misses you.
You slash the swamp worm!
You kill the swamp worm!
Dithmenos accepts your kill.
The swamp worm fires a harpoon shot at you.
The harpoon shot hits you but does no damage.
The swamp worm barely misses you.
You barely miss the swamp worm. The swamp worm closely misses you.
The swamp worm bites you!
You die...

#.##...#########
#~~~~~.........#
~~≈~≈~~#######.###
~~###~~~~#.......#
### ###≈~~.###.#.#
~#P~~.###.#.#
$~~~~..##.#.#
~#P~~..##.#.#
#≈~~..##.#@#..
~~~~.......w....
~~###..###>.#...
#..# #..##.# #..#
#..# <# #..# #..#
#...


You could see a swamp worm.

Vanquished Creatures
  A wyvern (D:7)
  A swamp worm (D:8)
  A black bear (D:6)
  2 ice beasts
  An orc warrior (D:6)
  A sky beast (D:5)
  An ogre (D:6)
  2 phantoms (D:7)
  A kobold brigand (D:7)
  A necrophage (D:6)
  3 bullfrogs
  A gnoll sergeant (D:7)
  2 scorpions
  A wight (D:6)
  3 killer bees (D:7)
  A howler monkey (D:7)
  3 hounds
  An orc priest (D:6)
  Terence (D:3)
  Jessica (D:2)
  3 iguanas
  8 gnolls
  7 adders
  A shadow imp (D:7)
  2 white imps
  An ufetubus (D:6)
  A worm (D:4)
  A dart slug (D:1)
  26 orcs
  6 ball pythons
  2 bats
  5 endoplasms
  3 giant cockroaches
  8 goblins
  6 hobgoblins
  3 jackals
  9 kobolds
  2 quokkas (D:2)
  A frilled lizard (D:2)
  2 rats
126 creatures vanquished.

Vanquished Creatures (others)
  4 plants (D:8)
4 creatures vanquished.

Grand Total: 130 creatures vanquished

Notes
Turn   | Place    | Note
-------+----------+-------------------------------------------
     0 | D:1      | Jase the Kobold Brigand began the quest for the Orb.
     0 | D:1      | Reached XP level 1. HP: 12/12 MP: 1/1
   296 | D:1      | Reached XP level 2. HP: 17/17 MP: 2/2
   473 | D:1      | You fall into a shaft and drop 1 floor!
   542 | D:2      | Noticed Jessica
   547 | D:2      | Killed Jessica
   548 | D:2      | Reached skill level 6 in Stealth
   548 | D:2      | Reached XP level 3. HP: 17/21 MP: 3/3
   696 | D:1      | Found Cuud's Assorted Antiques.
  1051 | D:2      | Reached XP level 4. HP: 26/26 MP: 4/4
  1549 | D:3      | Got the Treatise on the Volcanoes and Shapeshifting
  1685 | D:3      | Identified the +7 scimitar of Extremism {vorpal, Dex+3
                  | Stlth+}
  1870 | D:3      | Found a white marble altar of Elyvilon.
  1870 | D:3      | Found an iron altar of Okawaru.
  1923 | D:3      | Noticed Terence
  1927 | D:3      | Killed Terence
  1928 | D:3      | Reached XP level 5. HP: 30/30 MP: 5/5
  1945 | D:3      | Found a faded altar of an unknown god.
  1950 | D:3      | Prayed at the altar of an unknown god.
  1950 | D:3      | Became a worshipper of Dithmenos the Shadowed
  1950 | D:3      | Reached * piety under Dithmenos
  2465 | D:4      | Reached skill level 1 in Invocations
  2465 | D:4      | Reached XP level 6. HP: 12/35 MP: 6/6
  2647 | D:4      | Reached skill level 5 in Short Blades
  2647 | D:4      | Reached skill level 7 in Stealth
  3169 | D:5      | Entered Level 5 of the Dungeon
  3440 | D:5      | Noticed a sky beast
  3489 | D:5      | Killed a sky beast
  3490 | D:5      | Reached XP level 7. HP: 4/40 MP: 8/8
  3798 | D:5      | Reached ** piety under Dithmenos
  3888 | D:5      | Found a staircase to the Ecumenical Temple.
  4195 | D:6      | Found Ymuaz's Assorted Antiques.
  4204 | D:6      | Reached skill level 5 in Dodging
  4204 | D:6      | Reached skill level 8 in Stealth
  4364 | D:6      | Reached XP level 8. HP: 44/44 MP: 10/10
  4857 | D:6      | Reached skill level 9 in Stealth
  5384 | D:7      | Reached XP level 9. HP: 48/48 MP: 12/12
  5425 | D:7      | Reached skill level 5 in Invocations
  5550 | D:7      | Identified the +4 scale mail of the Last Curses {rPois
                  | Dex+2}
  5898 | D:7      | Reached skill level 10 in Stealth
  5917 | D:7      | Reached *** piety under Dithmenos
  6569 | D:8      | Upgraded the game from 0.30-a0-476-g330ca2eb8e to
                  | 0.30-a0-509-gd016549fea
  6610 | D:8      | Slain by a swamp worm

Illustrated notes

Levels and vault maps discovered:
D:1:      minmay_arrival_shoal_huts, layout_basic, serial_shops, shop
D:2:      layout_basic, uniq_jessica
D:3:      layout_loops_ring, nicolae_overflow_squiral,
          hellmonk_ecumenical_altar_leap_of_faith, uniq_terence
D:4:      layout_basic
D:5:      nicolae_BIG_FREAKIN_CUBE, layout_rooms, temple_statues
D:6:      layout_basic, interstate_on_off, st_stairs_1,
          grunt_decor_mini_mirrors, amethyst_killhole, nicolae_take_the_stairs
D:7:      layout_cave_pools, minmay_splitting_lines
D:8:      layout_loops_ring, serial_ice, serial_ice_c, serial_ice_d,
          serial_ice_h, serial_ice_e, serial_ice_a, serial_ice_i,
          chequers_serial_rivers_large_a, worms_lemuel, uniq_maggie, uniq_joseph

Skill      XL: |  1  2  3  4  5  6  7  8  9 |
---------------+----------------------------+-----
Short Blades   | 3 4 5 6 7 8 |  8.6
Dodging        | 2 3 4 5 6 7 |  7.5
Stealth        | 6 7 8 9 10 | 10.4
Invocations    | 1 2 3 4 5 |  5.9
Fighting       | |  2.1
Throwing       | |  2.1

Action                   |  1- 3 |  4- 6 |  7- 9 || total
-------------------------+-------+-------+-------++-------
Melee: Dagger            |    32 |   209 |   241 ||   482
       Punch             |       |     2 |     6 ||     8
       Scimitar          |       |       |    50 ||    50
Throw: Dart              |     1 |     1 |       ||     2
  Use: Scroll            |       |       |    11 ||    11
       Potion            |       |       |     1 ||     1
 Stab: Sleeping          |    10 |    31 |    28 ||    69
       Distracted        |       |     1 |       ||     1
Armor: Robe              |     3 |    30 |    13 ||    46
       Scale mail        |       |       |    50 ||    50
Dodge: Dodged            |    16 |   103 |   165 ||   284

Table legend: (Time is in decaauts)
 A = Elapsed time spent in this place.
 B = Non-inter-level travel time spent in this place.
 C = Inter-level travel time spent in this place.
 D = Time resting spent in this place.
 E = Time spent auto-exploring this place.
 F = Levels seen in this place.
 G = Mean time per level.
                   A        B        C        D        E       F      G
               +--------+--------+--------+--------+--------+-----+--------+
         Total |   6515 |   6310 |    205 |    717 |   4475 |   8 |  814.4 |
       Dungeon |   6515 |   6310 |    205 |    717 |   4475 |   8 |  814.4 |
               +--------+--------+--------+--------+--------+-----+--------+

Top non-repeatable levels by time:
     D:6: 1343 daAuts
     D:7: 1103 daAuts
     D:1: 905 daAuts
     D:3: 874 daAuts
     D:5: 825 daAuts
     D:4: 741 daAuts
     D:2: 645 daAuts
     D:8: 75 daAuts
